 Dungeon Crawl Stone Soup version 0.25.1-2-g60ff931df9 (webtiles) character file.

Game seed: 16037000762554572941

408 Revguard the Shield-Bearer (level 7, -2/53 HPs)
             Began as a Human Fighter on Aug 8, 2020.
             Slain by a spatial maelstrom (7 damage)
             ... on level 1 of the Abyss.
             The game lasted 00:08:19 (2642 turns).

Revguard the Shield-Bearer (Human Fighter)          Turns: 2642, Time: 00:08:20

Health: -2/53      AC: 21    Str: 18    XL:     7   Next: 13%
Magic:  7/7        EV:  5    Int:  8    God:
Gold:   145        SH:  9    Dex: 13    Spells: 6/6 levels left

rFire    . . .     SeeInvis .   a - +0 long sword
rCold    . . .     Gourm    .   c - +0 kite shield
rNeg     . . .     Faith    .   j - +0 chain mail
rPois    .         Spirit   .   i - +2 helmet
rElec    .         Reflect  .   (no cloak)
rCorr    .         Harm     .   b - +1 pair of gloves
MR       .....                  q - +2 pair of boots
Stlth    ..........             (no amulet)
HPRegen  0.17/turn              e - +4 ring of protection
MPRegen  0.10/turn              (no ring)

@: about to teleport
A: no striking features
a: no special abilities


You were on level 1 of the Abyss.
You were not hungry.

You visited 1 branch of the dungeon, and saw 3 of its levels.
You visited the Abyss 1 time.

You collected 145 gold pieces.

Inventory:

Hand Weapons
 a - a +0 long sword (weapon)
Armour
 b - a +1 pair of gloves (worn)
 c - a +0 kite shield (worn)
 i - a +2 helmet (worn)
 j - a +0 chain mail (worn)
 q - a +2 pair of boots (worn)
Jewellery
 e - a +4 ring of protection (left hand)
 k - an uncursed ring of protection from cold {unknown}
 o - an uncursed ring of protection from fire {unknown}
Scrolls
 g - a scroll of teleportation
 h - a scroll of fog {unknown}
 l - a scroll of immolation
 p - a scroll of blinking {unknown}
Potions
 d - 2 potions of might
 m - 2 potions of curing
Comestibles
 f - 7 rations
 n - a chunk of flesh


   Skills:
 + Level 3.6 Fighting
 + Level 4.5 Long Blades
 + Level 3.7 Armour
 * Level 1.5 Dodging
 + Level 4.8 Shields


You had 6 spell levels left.
You didn't know any spells.
Your spell library was empty.

Dungeon Overview and Level Annotations

Branches:
Dungeon (3/15)

Altars:


Message History

The spatial maelstrom barely misses you.
A spatial vortex comes into view.
The ufetubus hits you but does no damage. x2
You block the spatial maelstrom's attack.
The spatial maelstrom hits you.
A spatial vortex comes into view.
You block the spatial vortex's attack. The spatial maelstrom hits you.
* * * LOW HITPOINT WARNING * * *
You blink.
Okay, then.
As you read the scroll of teleportation, it crumbles to dust.
You feel strangely unstable.
You feel the power of the Abyss delaying your translocation!
Some of the chunks of flesh in your inventory have rotted away.
A spatial vortex comes into view.
A spatial vortex comes into view.
The spatial maelstrom hits you!
* * * LOW HITPOINT WARNING * * *
Space bends around you.
You die...

... ... .## #.#
...#v##.# #.v..#...#
.. ..v...# #.. # .
5#.### ... 5.
#.5.#.### .#
.3.#.X..#... ### v.
.##5 #.## #@##
.##..≈ .v.# ###v##
.#.#..♣5..####....##
##..##...X.#..x..#.#
....
##≈≈#..X#.....## .
...###≈≈##55#vv.# ..
. #≈≈≈≈#...#.. .
######≈≈≈≈##v...# .
. #≈≈≈≈ ...#..#


You could see a spatial maelstrom.

Vanquished Creatures
  2 centaurs (D:2)
  A centaur zombie (D:3)
  A hound (D:2)
  Jessica (D:2)
  6 adders
  An ooze (D:3)
  2 worms
  7 dart slugs
  6 orcs
  8 bats
  5 giant cockroaches
  9 goblins
  6 hobgoblins
  3 jackals (D:3)
  A quokka (D:3)
  2 ball pythons
  5 frilled lizards
  7 kobolds
  11 rats
84 creatures vanquished.

Notes
Turn   | Place    | Note
-------+----------+-------------------------------------------
     0 | D:1      | Revguard the Human Fighter began the quest for the Orb.
     0 | D:1      | Reached XP level 1. HP: 18/18 MP: 1/1
     2 | D:1      | Noticed a minotaur
     2 | D:1      | Noticed a demigod
     4 | D:1      | Noticed an octopode
     6 | D:1      | Noticed a draconian
     6 | D:1      | Noticed a merfolk
     8 | D:1      | Noticed a dwarf
     8 | D:1      | Noticed a human
    10 | D:1      | Noticed a spriggan
    10 | D:1      | Noticed a vine stalker
    12 | D:1      | Noticed a naga
    12 | D:1      | Noticed a felid
    14 | D:1      | Noticed a troll
    14 | D:1      | Noticed a tengu
    18 | D:1      | Noticed an elf
    18 | D:1      | Noticed a gargoyle
    20 | D:1      | Noticed a demonspawn
    20 | D:1      | Noticed an ogre
    22 | D:1      | Noticed a vampire
    22 | D:1      | Noticed a ghoul
    24 | D:1      | Noticed a centaur
    24 | D:1      | Noticed a halfling
    26 | D:1      | Noticed a formicid
   140 | D:1      | Reached XP level 2. HP: 23/24 MP: 2/2
   505 | D:1      | Reached XP level 3. HP: 29/29 MP: 3/3
   910 | D:2      | Noticed a centaur
   923 | D:2      | Killed a centaur
   923 | D:2      | Reached XP level 4. HP: 16/35 MP: 4/4
   923 | D:2      | Reached XP level 5. HP: 19/41 MP: 5/5
  1461 | D:2      | Noticed Jessica
  1462 | D:2      | Noticed a centaur
  1482 | D:2      | Killed a centaur
  1482 | D:2      | Reached skill level 1 in Dodging
  1482 | D:2      | Reached XP level 6. HP: 20/47 MP: 6/6
  1491 | D:2      | Killed Jessica
  2039 | D:3      | Reached XP level 7. HP: 20/52 MP: 7/7
  2526 | D:3      | Cast into level 1 of the Abyss (orc wizard)
  2596 | Abyss:1  | Noticed a tentacled monstrosity
  2600 | Abyss:1  | Noticed a large abomination
  2611 | Abyss:1  | Noticed a ynoxinul
  2614 | Abyss:1  | Noticed a small abomination
  2621 | Abyss:1  | Noticed a spatial maelstrom
  2624 | Abyss:1  | Noticed a spatial vortex
  2625 | Abyss:1  | Noticed a spatial vortex
  2630 | Abyss:1  | Noticed a spatial vortex
  2631 | Abyss:1  | Noticed a spatial vortex
  2632 | Abyss:1  | Noticed a spatial vortex
  2636 | Abyss:1  | Noticed a spatial vortex
  2638 | Abyss:1  | Noticed a spatial vortex
  2640 | Abyss:1  | Noticed a spatial vortex
  2641 | Abyss:1  | Noticed a spatial vortex
  2642 | Abyss:1  | Slain by a spatial maelstrom

Illustrated notes

Levels and vault maps discovered:
D:1:      kb_arrival_jail, layout_rooms
D:2:      layout_rooms, first_ration, uniq_jessica
D:3:      layout_rooms
Abyss:1:  base:
D:2

Skill      XL: |  1  2  3  4  5 |
---------------+----------------+-----
Long Blades    | 3 4 |  4.5
Shields        | 4 |  4.8
Dodging        | 1 |  1.5
Fighting       | |  3.6
Armour         | |  3.7

Action                   |  1- 3 |  4- 6 |  7- 9 || total
-------------------------+-------+-------+-------++-------
Melee: Long sword        |    81 |   178 |    69 ||   328
  Use: Scroll            |     2 |     2 |     1 ||     5
       Potion            |     1 |       |       ||     1
  Eat: Chunk             |       |     4 |     2 ||     6
Armor: Scale mail        |    18 |       |       ||    18
       Chain mail        |    39 |   203 |    56 ||   298
Dodge: Dodged            |    27 |    73 |    23 ||   123
Block: Kite shield       |    61 |   135 |    42 ||   238
       Rpst.: Long sword |     6 |    17 |     4 ||    27
